 Dungeon Crawl Stone Soup version 0.28.0-43-g3370ac3207 (webtiles) character file.

Game seed: 1633637456604287258

2 Symeon the Shield-Bearer (level 1, 0/14 HPs)
             Began as a Gargoyle Fighter on Mar 25, 2022.
             Slain by a goblin
             ... wielding a +0 dagger
              (2 damage)
             ... on level 1 of the Dungeon.
             The game lasted 00:01:21 (115 turns).

Symeon the Shield-Bearer (Gargoyle Fighter)          Turns: 115, Time: 00:01:21

Health: 0/14       AC:  9    Str: 19    XL:     1   Next: 30%
Magic:  1/1        EV:  9    Int:  8    God:
Gold:   3          SH:  4    Dex:  9    Spells: 0/0 levels left

rFire   . . .      SeeInvis .   a - +0 war axe
rCold   . . .      Faith    .   c - +0 buckler
rNeg    + . .      Spirit   .   b - +0 scale mail
rPois   ∞          Reflect  .   (no helmet)
rElec   +          Harm     .   (no cloak)
rCorr   .          Rampage  .   (no gloves)
Will    .....                   (no boots)
Stlth   ..........              (no amulet)
HPRegen 0.04/turn               (no ring)
MPRegen 0.07/turn               (no ring)

@: no status effects
A: sickness immunity, AC +2, negative energy resistance 1, electricity
resistance, torment resistance 1, petrification resistance
a: no special abilities


You were on level 1 of the Dungeon.
You visited 1 branch of the dungeon, and saw 1 of its levels.

You collected 3 gold pieces.

Inventory:

Hand Weapons
 a - a +0 war axe (weapon)
Armour
 b - a +0 scale mail (worn)
 c - a +0 buckler (worn)
Jewellery
 f - an amulet of guardian spirit
Potions
 d - 2 potions of might
 e - a potion of heal wounds {unknown}


   Skills:
 - Level 3.2 Fighting
 * Level 1.7 Axes
 - Level 3.2 Armour
 - Level 3.2 Shields
 - Level 0.1 Summonings


You couldn't memorise any spells.
You didn't know any spells.
Your spell library was empty.

Dungeon Overview and Level Annotations

Branches:
Dungeon (1/15)

Altars:


Innate Abilities, Weirdness & Mutations

You are immune to sickness and miasma.
Your stone body is resilient. (AC +2)
You are immune to poison.
You resist negative energy. (rN+)
You are resistant to electric shocks. (rElec)
You are resistant to unholy torment.
You are immune to petrification.


Message History

You kill the hobgoblin!
No target in view!
No target in view!
No target in view!
You see here a hobgoblin corpse.
A goblin comes into view. It is wielding a +0 dagger.
The goblin shouts!
A goblin is nearby!
An endoplasm comes into view.
The endoplasm quivers.
The endoplasm moves out of view.
The goblin hits you with a +0 dagger.
You hit the goblin.
The goblin is heavily wounded.
The goblin hits you but does no damage.
You hit the goblin.
The goblin is severely wounded.
The goblin barely misses you.
A bat comes into view.
You block the goblin's attack.
You barely miss the goblin.
The goblin is severely wounded.
The goblin hits you but does no damage.
You barely miss the goblin.
The goblin is severely wounded.
You block the goblin's attack.
You closely miss the goblin.
The goblin is severely wounded.
The goblin barely misses you. The goblin hits you but does no damage.
You barely miss the goblin.
The goblin is severely wounded.
You hit the endoplasm. The endoplasm freezes you.
You are frozen.
The goblin hits you but does no damage. The endoplasm freezes you.
You are frozen.
* * * LOW HITPOINT WARNING * * *
The endoplasm barely misses you. The bat barely misses you.
The goblin hits you with a +0 dagger.
You die...

### . ... .. ######..#
## #........ .###
########J#.....# ...##
###.....@b...#
##..#####...#..##g.###
##.......#.†.....##
###..###........###
....## ##...##.#...?
...#####.........##..
.(.......#...#....
##..##......#.#......
##........#._.#.....


You could see an endoplasm, a goblin and a bat.

Vanquished Creatures
  A hobgoblin (D:1)
  A kobold (D:1)
2 creatures vanquished.

Notes
Turn   | Place    | Note
-------+----------+-------------------------------------------
     0 | D:1      | Symeon the Gargoyle Fighter began the quest for the Orb.
     0 | D:1      | Reached XP level 1. HP: 14/14 MP: 1/1
     0 | D:1      | Noticed a barachi
     4 | D:1      | Noticed a merfolk zombie
     8 | D:1      | Noticed a minotaur skeleton
    17 | D:1      | Noticed a merfolk zombie
    21 | D:1      | Noticed a barachi
    92 | D:1      | Found a faded altar of an unknown god.
   115 | D:1      | Slain by a goblin

Illustrated notes

Levels and vault maps discovered:
D:1:      shiori_arrival_whats_in_store_for_you, layout_rooms,
          chequers_ecumenical_altar_simple_redux

Action                   || total
-------------------------++-------
Melee: War axe           ||     8
Armor: Scale mail        ||     6
Dodge: Dodged            ||     5
Block: Buckler           ||     3
